 Dungeon Crawl Stone Soup version 0.24.1-14-gf8d2b509d9 (webtiles) character file.

Game seed: 2823927896550385328, levelgen mode: deterministic

36899 Gildeon the Severer (level 13, 0/113 HPs)
             Began as a Minotaur Fighter on Oct 17, 2020.
             Was the Champion of Makhleb.
             Slain by a death yak (5 damage)
             ... on level 6 of the Lair of Beasts on Oct 24, 2020.
             The game lasted 00:45:36 (12971 turns).

Gildeon the Severer (Minotaur Fighter)             Turns: 12971, Time: 00:45:36

Health: 0/113      AC: 22    Str: 33    XL:     13   Next: 55%
Magic:  17/17      EV: 21    Int:  5    God:    Makhleb [******]
Gold:   784        SH: 13    Dex: 15    Spells: 12/12 levels left

rFire    . . .     SeeInvis .   a - +0 war axe
rCold    . . .     Gourm    .   c - +0 shield
rNeg     . . .     Faith    .   O - +0 plate armour
rPois    +         Spirit   .   K - +1 hat
rElec    +         Reflect  .   C - +2 cloak
rCorr    .         Harm     .   (no gloves)
MR       .....                  s - +2 pair of boots
Stlth    ..........             P - amulet "Irreopn" {rElec Regen+ Str+7 Stlth+}
HPRegen  0.68/turn              F - +3 ring of evasion
MPRegen  0.15/turn              L - ring of poison resistance

@: agile, very slightly contaminated, hasted, very quick
A: retaliatory headbutt, horns 2
a: Minor Destruction, Lesser Servant of Makhleb, Major Destruction, Greater
Servant of Makhleb, Renounce Religion


You were on level 6 of the Lair of Beasts.
You worshipped Makhleb.
Makhleb was exalted by your worship.
You were not hungry.

You visited 3 branches of the dungeon, and saw 18 of its levels.

You collected 959 gold pieces.
You spent 175 gold pieces at shops.

Inventory:

Hand Weapons
 a - a +0 war axe (weapon)
 E - a +3 flail of protection
 M - a +0 morningstar
Armour
 c - a +0 shield (worn)
 s - a +2 pair of boots (worn)
 C - a +2 cloak (worn)
 K - a +1 hat (worn)
 O - a +0 plate armour (worn)
Jewellery
 n - a +4 amulet of reflection
 F - a +3 ring of evasion (left hand)
 L - a ring of poison resistance (right hand)
 P - the amulet "Irreopn" (around neck) {rElec Regen+ Str+7 Stlth+}
   (You found it on level 9 of the Dungeon)

   [amulet of regeneration]

   It affects your strength (+7).
   It insulates you from electricity.
   It increases your rate of regeneration.
   It makes you more stealthy.
 T - an uncursed ring of resist corrosion
 Y - the ring "Pusebac" {rF- rN+ Dex+3 Stlth-, unknown}
   (You found it on level 5 of the Lair of Beasts)

   [ring of attention]

   It affects your dexterity (+3).
   It makes you vulnerable to fire.
   It protects you from negative energy.
   It makes you less stealthy.
Wands
 y - a wand of acid (27)
 B - a wand of polymorph (2)
 H - a wand of paralysis (8)
 N - a wand of digging (7)
 Q - a wand of iceblast (5)
 V - a wand of enslavement (12)
 W - a wand of disintegration (8)
Scrolls
 b - 3 scrolls of enchant armour
 e - 4 scrolls of immolation
 h - 10 scrolls of magic mapping
 i - 8 scrolls of remove curse
 l - 2 scrolls of summoning {unknown}
 m - 3 scrolls of blinking
 p - a scroll of fog {unknown}
 x - 3 scrolls of fear {unknown}
 D - 2 scrolls of teleportation
 G - 4 scrolls of enchant weapon {unknown}
 I - 2 scrolls of vulnerability {unknown}
 R - a scroll of random uselessness {unknown}
 S - a scroll of holy word {unknown}
 X - 2 scrolls of acquirement {unknown}
Potions
 d - a potion of might
 j - 2 potions of invisibility {unknown}
 k - a potion of resistance {unknown}
 o - a potion of magic {unknown}
 q - 4 potions of mutation
 r - a potion of ambrosia
 t - 2 potions of haste
 u - 6 potions of agility
 v - 3 potions of lignification {unknown}
 w - 2 potions of flight {unknown}
 z - 2 potions of curing
 A - a potion of cancellation {unknown}
 J - a potion of brilliance {unknown}
 U - 3 potions of heal wounds {unknown}
Comestibles
 f - 26 rations
 g - 9 chunks of flesh


   Skills:
 - Level 10.0 Fighting
 - Level 16.0 Axes
 - Level 10.0 Armour
 - Level 10.0 Dodging
 + Level 9.2 Shields
 + Level 6.7 Invocations
 + Level 7.5 Evocations


You had 12 spell levels left.
You didn't know any spells.
Your spell library contained the following spells:

 Spells                   Type           Power        Failure   Level  Hunger
 Ozocubu's Armour         Chrm/Ice       #.......     100%        3    ####...
 Spider Form              Tmut/Pois      #.........   100%        3    ####...
 Alistair's Intoxication  Tmut/Pois      #.......     100%        5    ######.
 Ring of Flames           Chrm/Fire      #.........   100%        7    #######


Dungeon Overview and Level Annotations

Branches:
Dungeon (11/15)            Temple (1/1) D:7            Lair (6/6) D:9
 Shoals (0/4) Lair:4       Spider (0/4) Lair:2          Orc (0/2) D:10
  Slime: Lair:5-6

Altars:
Ashenzari
Cheibriados
Dithmenos
Elyvilon
Fedhas
Gozag
Hepliaklqana
Kikubaaqudgha
Makhleb
Nemelex Xobeh
Okawaru
Qazlal
Ru
Sif Muna
Trog
Uskayaw
Vehumet
Wu Jian
Xom
Yredelemnul
Zin
The Shining One

Shops:
D:8 ?

Annotations:
D:8 2 transporters, Erica
D:10 1 runed translucent door, MordorOrchid's ghost, journeyman GnSk
D:11 Nergalle
Lair:6 Josephine


Innate Abilities, Weirdness & Mutations

You reflexively headbutt those who attack you in melee.
You have a pair of horns on your head.


Message History

You furiously retaliate!
You headbutt the death yak. The spiny frog closely misses you.
You furiously retaliate!
You headbutt the spiny frog. You slash the water moccasin!
You kill the water moccasin!
Makhleb accepts your kill.
You feel better.
You closely miss the spiny frog. You hit the death yak but do no damage.
You slice the death yak!! You slash the death yak!
You hit the death yak but do no damage.
You block the death yak's attack. x2; The death yak gores you.
* * * LOW HITPOINT WARNING * * *
You slash the death yak! You headbutt the death yak.
The death yak is moderately wounded.
You hit the death yak. You hit the death yak but do no damage.
Your shield and plate armour prevent you from hitting the spiny frog.
You slash the death yak! x2; The spiny frog stings you!
* * * LOW HITPOINT WARNING * * *
A wraith comes into view.
You block the death yak's attack. The death yak gores you.
You die...

...........W...
...............
.............).
...............
........W......
........@W.....
......YYF#.....
......Y@.......
#.##..#YY##....
## #### .


You could see 5 death yaks, Josephine, a spiny frog and 3 wraiths.

Vanquished Creatures
  Kirke (Lair:4)
  2 hydras
  6 death yaks (D:9)
  An unseen horror (D:10)
  A lindwurm (Lair:2)
  A wolf spider (Lair:6)
  An ugly thing (D:10)
  A merfolk siren (Lair:4)
  3 elephants (Lair:3)
  3 black mambas
  12 spiny frogs
  6 komodo dragons
  A rime drake (Lair:3)
  2 polar bears
  A troll (D:10)
  A merfolk (Lair:4)
  A hornet (Lair:6)
  5 blink frogs
  6 dream sheep (Lair:5)
  6 hippogriffs
  A redback (Lair:2)
  7 spriggans (D:9)
  Eustachio (D:5)
  6 wyverns
  A human (D:7)
  3 basilisks
  27 yaks
  5 hungry ghosts (D:10)
  5 hogs
  Edmund (D:5)
  7 water moccasins
  10 porcupines
  5 black bears
  A phantom (D:10)
  3 orc warriors
  An eye of draining (D:10)
  A sky beast (D:10)
  6 ogres
  6 wolves (Lair:3)
  A centaur (D:8)
  11 crocodiles
  5 big kobolds
  11 bullfrogs
  A wyvern skeleton (D:8)
  2 scorpions
  2 troll zombies (D:10)
  11 killer bees
  9 wights
  3 howler monkeys (D:7)
  2 electric eels (Lair:4)
  3 crimson imps
  2 quasits
  3 hounds
  3 bullfrog zombies
  Crazy Yiuf (D:6)
  2 bullfrog skeletons
  3 orc priests
  2 centaur skeletons
  5 iguanas
  Jessica (D:2)
  Ijyb (D:5)
  7 orc wizards
  8 worker ants
  A killer bee zombie (D:6)
  4 ogre zombies (D:10)
  A hound zombie (D:9)
  2 hound skeletons
  A worker ant zombie (D:6)
  A howler monkey zombie (D:9)
  15 adders
  2 shadow imps
  An ooze (D:1)
  An adder zombie (D:9)
  An adder skeleton (D:7)
  4 worms
  A dart slug (D:2)
  2 leopard geckos
  19 orcs
  6 giant cockroaches
  10 goblins
  7 hobgoblins
  6 jackals
  4 quokkas
  4 bats
  4 frilled lizards
  A goblin skeleton (D:10)
  A goblin zombie (D:10)
  3 hobgoblin zombies (D:10)
  A jackal zombie (D:7)
  24 kobolds
  4 orc skeletons (D:10)
  10 orc zombies (D:10)
  A quokka skeleton (D:6)
  5 rats
  A fungus (Lair:4)
  2 plants
407 creatures vanquished.

Vanquished Creatures (others)
  3 centaurs
  A goblin (D:3)
  A bush (Lair:5)
  2 fungi (Lair:3)
7 creatures vanquished.

Grand Total: 414 creatures vanquished

Notes
Turn   | Place    | Note
-------+----------+-------------------------------------------
     0 | D:1      | Gildeon the Minotaur Fighter began the quest for the Orb.
     0 | D:1      | Reached XP level 1. HP: 19/19 MP: 0/0
    67 | D:1      | Reached skill level 3 in Axes
   145 | D:1      | Reached XP level 2. HP: 25/26 MP: 1/1
   577 | D:2      | Reached skill level 4 in Axes
   586 | D:2      | Reached XP level 3. HP: 27/31 MP: 2/2
   718 | D:2      | Reached skill level 5 in Axes
   718 | D:2      | Reached XP level 4. HP: 13/39 MP: 3/3
  1074 | D:2      | Reached skill level 6 in Axes
  1098 | D:2      | Noticed Jessica
  1103 | D:2      | Killed Jessica
  1104 | D:2      | Reached XP level 5. HP: 39/45 MP: 4/4
  1390 | D:3      | Found a burning altar of Makhleb.
  1395 | D:3      | Found a glowing golden altar of the Shining One.
  1409 | D:3      | Became a worshipper of Makhleb the Destroyer
  1483 | D:3      | Reached skill level 7 in Axes
  1704 | D:3      | Found an ancient bone altar of Kikubaaqudgha.
  1992 | D:4      | Reached * piety under Makhleb
  2017 | D:4      | Noticed an ogre
  2026 | D:4      | Killed an ogre
  2026 | D:4      | Reached skill level 8 in Axes
  2026 | D:4      | Reached XP level 6. HP: 47/51 MP: 5/5
  2249 | D:5      | Entered Level 5 of the Dungeon
  2249 | D:5      | Noticed Eustachio
  2264 | D:5      | Killed Eustachio
  2264 | D:5      | Reached skill level 9 in Axes
  2288 | D:5      | Noticed Ijyb
  2294 | D:5      | Killed Ijyb
  2294 | D:5      | Reached XP level 7. HP: 57/57 MP: 6/6
  2439 | D:5      | Noticed Edmund
  2470 | D:5      | Killed Edmund
  2470 | D:5      | Reached skill level 10 in Axes
  2795 | D:6      | Found a snail-covered altar of Cheibriados.
  2821 | D:6      | Reached skill level 11 in Axes
  2821 | D:6      | Reached XP level 8. HP: 26/64 MP: 7/7
  3027 | D:6      | Found a shimmering altar of Xom.
  3117 | D:6      | Found a runed translucent door.
  3118 | D:6      | Noticed Crazy Yiuf
  3126 | D:6      | Killed Crazy Yiuf
  3251 | D:6      | Found a glowing silver altar of Zin.
  3464 | D:7      | Reached skill level 12 in Axes
  3551 | D:7      | Found an ornate altar of the Wu Jian Council.
  3561 | D:7      | Found a staircase to the Ecumenical Temple.
  3574 | Temple   | Entered the Ecumenical Temple
  3870 | D:7      | Reached skill level 13 in Axes
  4004 | D:7      | Found a shadowy altar of Dithmenos.
  4107 | D:7      | Found a shimmering blue altar of Sif Muna.
  4201 | D:7      | Found a stormy altar of Qazlal.
  4253 | D:7      | Reached XP level 9. HP: 68/70 MP: 8/8
  4275 | D:7      | Reached skill level 14 in Axes
  4293 | D:7      | Reached ** piety under Makhleb
  4423 | D:8      | Reached skill level 15 in Axes
  4503 | D:8      | Found a sacrificial altar of Ru.
  4709 | D:8      | Reached skill level 16 in Axes
  4854 | D:8      | Found a transporter.
  4856 | D:8      | Noticed a yaktaur captain
  4856 | D:8      | Noticed a yaktaur captain
  4857 | D:8      | Noticed Erica
  4872 | D:8      | Found a transporter.
  5345 | D:8      | Found Goetzisch's Magic Scroll Emporium.
  5352 | D:8      | Bought a scroll of enchant armour for 105 gold pieces
  5352 | D:8      | Bought a scroll of identify for 28 gold pieces
  5352 | D:8      | Bought a scroll of teleportation for 42 gold pieces
  5529 | D:9      | Noticed a death yak
  5529 | D:9      | Noticed a death yak
  5546 | D:9      | Noticed a death yak
  5549 | D:9      | Killed a death yak
  5549 | D:9      | Reached skill level 1 in Dodging
  5549 | D:9      | Reached skill level 1 in Invocations
  5549 | D:9      | Reached skill level 1 in Evocations
  5549 | D:9      | Reached XP level 10. HP: 52/78 MP: 9/9
  5552 | D:9      | Noticed a death yak
  5554 | D:9      | Noticed a death yak
  5559 | D:9      | Noticed a death yak
  5566 | D:9      | HP: 2/78 [death yak (10)]
  6137 | D:9      | Reached *** piety under Makhleb
  6156 | D:9      | Killed a death yak
  6168 | D:9      | Killed a death yak
  6168 | D:9      | Reached skill level 5 in Fighting
  6168 | D:9      | Reached skill level 5 in Armour
  6168 | D:9      | Reached skill level 5 in Shields
  6191 | D:9      | Killed a death yak
  6204 | D:9      | Killed a death yak
  6230 | D:9      | Killed a death yak
  6230 | D:9      | Reached XP level 11. HP: 54/86 MP: 13/13
  6264 | D:9      | Found a staircase to the Lair.
  6408 | D:9      | Reached skill level 5 in Dodging
  6492 | D:9      | Got a slimy ruby amulet
  6678 | D:9      | Reached skill level 5 in Invocations
  6814 | D:9      | Reached **** piety under Makhleb
  6960 | D:10     | Entered Level 10 of the Dungeon
  6988 | D:10     | Reached skill level 5 in Evocations
  7061 | D:10     | Found a runed translucent door.
  7062 | D:10     | Noticed MordorOrchid's ghost (journeyman GnSk)
  7139 | D:10     | Found a staircase to the Orcish Mines.
  7296 | D:10     | Killed an unseen horror
  7540 | D:10     | Identified the Grimoire of Envenoming and Talismans
  7689 | D:10     | Reached ***** piety under Makhleb
  7751 | D:10     | Noticed a red ugly thing
  7758 | D:10     | Killed a red ugly thing
  8309 | D:11     | Noticed Nergalle
  8310 | D:11     | Noticed a two-headed ogre
  8453 | Lair:1   | Entered Level 1 of the Lair of Beasts
  8493 | Lair:1   | Identified the amulet "Irreopn" {rElec Regen+ Str+7 Stlth+}
                  | (You found it on level 9 of the Dungeon)
  8647 | Lair:1   | Noticed a seven-headed hydra
  8667 | Lair:1   | Killed a seven-headed hydra
  8667 | Lair:1   | Reached XP level 12. HP: 101/103 MP: 14/14
  9474 | Lair:2   | Found a hole to the Spider Nest.
 10316 | Lair:3   | Reached skill level 10 in Fighting
 10490 | Lair:3   | Reached skill level 10 in Armour
 11507 | Lair:4   | Found a staircase to the Shoals.
 11542 | Lair:4   | Reached XP level 13. HP: 113/113 MP: 16/16
 11691 | Lair:4   | Noticed Kirke
 11897 | Lair:4   | Killed Kirke
 11897 | Lair:4   | Reached skill level 10 in Dodging
 12157 | Lair:5   | Reached ****** piety under Makhleb
 12181 | Lair:5   | Got a smoking amber ring
 12811 | Lair:6   | Entered Level 6 of the Lair of Beasts
 12919 | Lair:6   | Noticed an emperor scorpion
 12919 | Lair:6   | a seven-headed hydra changed into an emperor scorpion
 12946 | Lair:6   | HP: 5/113 [poisoned by an emperor scorpion]
 12949 | Lair:6   | Noticed a dire elephant
 12949 | Lair:6   | an emperor scorpion changed into a dire elephant
 12960 | Lair:6   | Noticed Josephine
 12971 | Lair:6   | HP: 5/113 [spiny frog (14)]
 12971 | Lair:6   | Slain by a death yak

Levels and vault maps discovered:
D:1:      dpeg_arrival_three_bigger_balls, layout_basic
D:2:      layout_rooms, first_ration, uniq_jessica
D:3:      layout_rooms, kiku_gazebo_pond_becter, grunt_temple_overflow_open
D:4:      layout_rooms
D:5:      layout_basic, serial_park_tiny_2, uniq_ijyb, uniq_edmund,
          uniq_eustachio
D:6:      nicolae_whirlpool, layout_basic, nicolae_overflow_crystal_walls,
          marbit_many_paths, lemuel_doored_altar, uniq_crazy_yiuf_cottage
D:7:      layout_basic, nicolae_dithmenos_the_darkroom, grunt_qazlal_clouds,
          kennysheep_mini_moat, overflow_temple_1_default,
          minmay_temple_entry_overgrown, grunt_livestock, interstate_on_off
D:8:      gammafunk_sealed_arena, layout_basic, lemuel_crystal_altar,
          serial_shops, kennysheep_little_box, uniq_erica
D:9:      kb_forest_paths, layout_irregular_city, dpeg_lair_monsters
D:10:     layout_stronghold, zombieorc1_lemuel, ebering_ghost_inner_flame,
          statue_in_the_mist_lemuel, nicolae_wwwww
D:11:     layout_roguey, kennysheep_generic_room_13, uniq_nergalle
Temple:   minmay_temple_curvy_loop
Lair:1:   layout_regular_city
Lair:2:   layout_small_grid, spider_nest_entry_rubble, minmay_shattered_shrine
Lair:3:   layout_regular_city
Lair:4:   layout_regular_city, elwin_shoals_entry_rooms, uniq_kirke
Lair:5:   layout_small_grid, chequers_serial_rivers_room_b
Lair:6:   guppyfry_lair_end_dragon, layout_hall_layers,
          hangedman_lair_tendril_chambers, slime_altar_2, uniq_josephine

Skill      XL: |  1  2  3  4  5  6  7  8  9 10 11 12 13 |
---------------+----------------------------------------+-----
Axes           | 3 4 5 6 8 9 11 13 16 | 16.0
Fighting       | 4 5 8 10 | 10.0
Armour         | 4 5 8 10 | 10.0
Dodging        | 1 4 7 9 10 | 10.0
Shields        | 4 5 7 9 |  9.2
Invocations    | 1 4 5 6 |  6.7
Evocations     | 1 3 5 6 7 |  7.5

Action                   |  1- 3 |  4- 6 |  7- 9 | 10-12 | 13-15 || total
-------------------------+-------+-------+-------+-------+-------++-------
Melee: War axe           |    62 |   162 |   294 |   846 |   176 ||  1540
       Headbutt          |    12 |    26 |    67 |   199 |    53 ||   357
       Flail             |       |       |       |     4 |     8 ||    12
       Unarmed           |       |       |       |       |     4 ||     4
Invok: Minor Destruction |       |       |       |     1 |       ||     1
Evoke: Wand              |       |       |       |    15 |     6 ||    21
  Use: Scroll            |       |     3 |     6 |     3 |     5 ||    17
       Potion            |       |       |       |     1 |     4 ||     5
  Eat: Chunk             |       |     5 |    10 |    28 |     5 ||    48
Armor: Scale mail        |     8 |       |       |       |       ||     8
       Chain mail        |    20 |    65 |    84 |    43 |       ||   212
       Plate armour      |       |       |       |   245 |    85 ||   330
Dodge: Dodged            |    12 |    28 |    60 |   231 |   119 ||   450
Block: Shield            |    49 |   118 |   167 |   407 |   108 ||   849
       Reflection        |     5 |     3 |    13 |     1 |       ||    22
